 Dungeon Crawl Stone Soup version 0.29.1-12-g30fa7ad0bf (webtiles) character file.

Game seed: 4719764208708132390

643 wormed the Chopper (level 7, -6/61 HPs)
             Began as a Hill Orc Fighter on Dec 20, 2022.
             Mangled by a gnoll sergeant
             ... wielding a +5 trident of protection
              (11 damage)
             ... on level 4 of the Dungeon.
             The game lasted 00:05:48 (3411 turns).

wormed the Chopper (Hill Orc Fighter)               Turns: 3411, Time: 00:05:50

Health: -6/61      AC: 12    Str: 19    XL:     7   Next: 51%
Magic:  7/7        EV:  9    Int:  8    God:
Gold:   188        SH:  5    Dex: 12    Spells: 6/6 levels left

rFire   . . .      SeeInvis .   a - +0 war axe
rCold   . . .      Faith    .   c - +0 buckler
rNeg    . . .      Spirit   .   b - +0 scale mail
rPois   .          Reflect  .   (no helmet)
rElec   .          Harm     .   j - +0 cloak
rCorr   .          Rampage  .   (no gloves)
Will    .....                   (no boots)
Stlth   ..........              (no amulet)
HPRegen 0.20/turn               s - +4 ring of protection
MPRegen 0.10/turn               (no ring)

@: mighty
A: no striking features
a: no special abilities


You were on level 4 of the Dungeon.
You visited 1 branch of the dungeon, and saw 4 of its levels.

You collected 188 gold pieces.

Inventory:

Hand Weapons
 a - a +0 war axe (weapon)
Armour
 b - a +0 scale mail (worn)
 c - a +0 buckler (worn)
 j - a +0 cloak (worn)
Jewellery
 s - a +4 ring of protection (left hand)
 t - a ring of magical power
Wands
 p - a wand of flame (13)
Scrolls
 f - a scroll of identify {unknown}
 g - a scroll of enchant weapon {unknown}
 h - 2 scrolls of blinking {unknown}
 k - a scroll of teleportation {unknown}
 l - 2 scrolls of noise {unknown}
 o - a scroll of poison {unknown}
 r - a scroll of immolation {unknown}
 u - a scroll of butterflies {unknown}
Potions
 d - a potion of might
 e - 2 potions of attraction {unknown}
 i - a potion of magic {unknown}
 m - a potion of heal wounds {unknown}
 n - a potion of berserk rage {unknown}
 q - a potion of cancellation {unknown}


   Skills:
 + Level 5.5 Fighting
 * Level 7.1 Axes
 + Level 5.0 Armour
 + Level 5.0 Shields


You had 6 spell levels left.
You didn't know any spells.
Your spell library contained the following spells:

 Spells                   Type           Power      Damage    Failure   Level
 Ensorcelled Hibernation  Hex/Ice        0%         N/A       94%         2
 Spider Form              Tmut/Pois      0%         N/A       99%         3
 Anguish                  Hex/Necr       0%         N/A       100%        4
 Summon Lightning Spire   Summ/Air       0%         N/A       100%        4
 Storm Form               Tmut/Air       0%         N/A       100%        7
 Maxwell's Capacitive Co  Air            0%         ∞         100%        8


Dungeon Overview and Level Annotations

Branches:
Dungeon (4/15)
 Temple: D:4-7

Altars:
Gozag
Kikubaaqudgha
Uskayaw
Vehumet
Yredelemnul


Message History

The gnoll is severely wounded.
The gnoll barely misses you. You block the gnoll's attack.
You hit the gnoll.
You kill the gnoll!
The gnoll hits you from afar with a +0 halberd.
A gnoll comes into view.
It is wielding the +3 woodcutter's axe {vorpal}.
You block the gnoll's attack. The gnoll barely misses you.
The gnoll hits you but does no damage.
You hit the gnoll but do no damage. The gnoll hits you but does no damage.
The gnoll hits you from afar with a +0 spear.
The gnoll barely misses you.
You slash the gnoll!
You kill the gnoll!
The gnoll hits you from afar with a +0 spear.
The gnoll closely misses you.
You are too injured to fight recklessly!
You are too injured to fight recklessly!
You are too injured to fight recklessly!
The gnoll sergeant hits you from afar with a +5 trident of protection!
* * * LOW HITPOINT WARNING * * *
The gnoll sergeant barely misses you.
You feel very mighty all of a sudden.
The gnoll sergeant hits you from afar with a +5 trident of protection.
* * * LOW HITPOINT WARNING * * *
The gnoll closely misses you.
The gnoll sergeant hits you with a +5 trident of protection!
* * * LOW HITPOINT WARNING * * *
You hit the gnoll sergeant.
The gnoll sergeant is lightly wounded.
You hit the gnoll.
The gnoll is no longer moving quickly.
The gnoll hits you but does no damage.
The gnoll sergeant hits you with a +5 trident of protection.
* * * LOW HITPOINT WARNING * * *
You closely miss the gnoll sergeant.
The gnoll sergeant is lightly wounded.
You barely miss the gnoll. The gnoll barely misses you.
The gnoll bouda barks out a call to the hunt!
The gnolls pick up the pace!
The gnoll sergeant hits you with a +5 trident of protection!
You die...

......P..##.###....###...#....#.#
..........#.....##.# #.###....#.#
......#..##.....##.###.###.#....#
.##########.##..##.......#.#.#...
## #.....#####....<....#.# # )
####..#......#.######.# # ..♣
#..#........# #....# # ....♣
##.#####.##.###.#..#
..♣g.g♣♣#g@.# #.##........#
....gggggg#.###.######.##.#
.♣..gg♣♣###.....####....... ..).♣
#[.......(.'......# ..♣
####......##...#### .
#...##.#######.. #...##.# #.#
#...+..# #.. #...#### #..


You could see a gnoll sergeant (swift), a gnoll bouda and 7 gnolls.

Vanquished Creatures
  Sigmund (D:3)
  An ogre (D:4)
  A centaur zombie (D:4)
  A bullfrog skeleton (D:4)
  An orc priest (D:3)
  A hound (D:4)
  An orc wizard (D:3)
  A scorpion zombie (D:4)
  9 gnolls
  5 adders
  2 adder skeletons (D:4)
  The ghost of gdog the Covert, a weakling GnDe (D:3)
  A worm (D:2)
  8 orcs
  6 bats
  10 endoplasms
  6 goblins
  4 hobgoblins
  3 jackals (D:1)
  4 quokkas
  13 ball pythons
  5 frilled lizards
  7 kobolds
  4 rats
96 creatures vanquished.

Vanquished Creatures (others)
  3 withered plants (D:4)
3 creatures vanquished.

Grand Total: 99 creatures vanquished

Notes
Turn   | Place    | Note
-------+----------+-------------------------------------------
     0 | D:1      | wormed the Hill Orc Fighter began the quest for the Orb.
     0 | D:1      | Reached XP level 1. HP: 19/19 MP: 1/1
    90 | D:1      | Reached skill level 3 in Axes
    90 | D:1      | Reached XP level 2. HP: 6/27 MP: 2/2
   334 | D:1      | Reached XP level 3. HP: 24/33 MP: 3/3
   678 | D:1      | Found a faded altar of an unknown god.
  1129 | D:2      | Reached skill level 4 in Axes
  1271 | D:2      | Reached XP level 4. HP: 35/40 MP: 4/4
  1895 | D:3      | Noticed Sigmund
  1905 | D:3      | Killed Sigmund
  1906 | D:3      | Reached skill level 5 in Axes
  1906 | D:3      | Reached XP level 5. HP: 40/47 MP: 5/5
  1906 | D:3      | Reached XP level 6. HP: 47/55 MP: 6/6
  2138 | D:3      | Found a runed translucent door.
  2138 | D:3      | Noticed gdog's ghost (weakling GnDe)
  2208 | D:3      | Killed gdog's ghost
  2247 | D:3      | Reached skill level 5 in Fighting
  2250 | D:3      | Reached skill level 6 in Axes
  2733 | D:4      | Found a basalt altar of Yredelemnul.
  2755 | D:4      | Found a hide-covered altar of Uskayaw.
  2783 | D:4      | Found a radiant altar of Vehumet.
  2809 | D:4      | Found an ancient bone altar of Kikubaaqudgha.
  2821 | D:4      | Reached XP level 7. HP: 14/61 MP: 7/7
  3232 | D:4      | Found an opulent altar of Gozag.
  3307 | D:4      | Reached skill level 7 in Axes
  3307 | D:4      | Reached skill level 5 in Shields
  3395 | D:4      | Reached skill level 5 in Armour
  3411 | D:4      | Mangled by a gnoll sergeant

Illustrated notes

Levels and vault maps discovered:
D:1:      dpeg_arrival_signposts, layout_basic,
          hellmonk_ecumenical_altar_dog_temple
D:2:      layout_rooms, minmay_misc_feat_encased, lightli_corner_chamber
D:3:      layout_basic, hellmonk_ghost_happy_afterlife,
          kennysheep_generic_room_11, uniq_sigmund
D:4:      layout_basic, nicolae_overflow_quartered_altars,
          nicolae_gozag_cash_rules_everything_around_me,
          mainiacjoe_overflow_catwalk, serial_undead, serial_undead_f,
          serial_undead_d, serial_undead_e, serial_undead_b,
          pf_guarded_unrand_woodcutter

Skill      XL: |  1  2  3  4  5  6  7 |
---------------+----------------------+-----
Axes           | 3 4 5 6 7 |  7.1
Fighting       | 4 5 |  5.5
Armour         | 4 5 |  5.0
Shields        | 4 5 |  5.0

Action                   |  1- 3 |  4- 6 |  7- 9 || total
-------------------------+-------+-------+-------++-------
Melee: War axe           |    86 |   105 |    58 ||   249
  Use: Potion            |       |       |     1 ||     1
Armor: Scale mail        |    39 |    34 |    43 ||   116
Dodge: Dodged            |    41 |    46 |    36 ||   123
Block: Buckler           |    26 |    21 |    15 ||    62
